Cogmind - Beta 15 @@@ ROGUE MODE // 2025.08.26 @ 18:57:18 Player: StaticNoob Result: Destroyed by B-99 Colossus with Linear Accelerator Performance ------------- Evolutions (9) 4500 Regions Visited (26) 5200 Robots Destroyed (307) 1535 Value Destroyed (13605) 13605 Prototype IDs (59) 1180 Alien Tech Used (8) 1600 Bonus (14798) 14798 TOTAL SCORE: 42418 Bonus ------- High Alert Combat Kills 350 Follower Combat Kills 2384 Network Hubs Disabled 200 Met Data Miner 300 Met Zhirov 300 Built Enhanced Grunts 300 A7 Reached Mainframe 300 Met R17 at Cetus 500 Found Hidden Lab 3000 Used Core Reset Matrix 3000 Met R17 at Research 2000 Scanned by Researcher 500 Pursued by Intercept 2000 Friendly Fire -336 Cogmind --------- Core Integrity 0/1600 Matter 266/300 Energy 100/100 System Corruption 14% Temperature Cool (0) Movement Core (50) Location -1/Access Parts ------- > --- POWER (3) -------- (None) > --- PROPULSION (6) --- (None) > --- UTILITY (12) ----- (None) > --- WEAPON (4) ------- (None) > --- INVENTORY (5) ---- Quantum Reactor Peak State ------------ > --- POWER ------------ Light Antimatter Reactor Particle Reactor > --- PROPULSION ------- Advanced Medium Treads Centrium Heavy Treads Centrium Heavy Treads > --- UTILITY ---------- Advanced Cryofiber Web Advanced Heat Sink Large Storage Unit Experimental Targeting Computer Quantum Capacitor Improved Transmission Jammer Heavy Regenerative Plating Deep Network Scanner > --- WEAPON ----------- Potential Cannon Sigix Broadsword > --- INVENTORY -------- Light Antimatter Reactor Improved Matter Compressor Improved Weapon Cycler Improved Force Field High-powered Tractor Beam Advanced Drone Bay Transdimensional Reconstructor Terrabomb Tachyon Dispersion Ray Neutron Cannon Core Stripper [Rating: 182] Favorites ----------- Power Quantum Reactor Engine Reinforced Deuterium Engine Power Core Nuclear Core Reactor Quantum Reactor Propulsion Light Treads Treads Light Treads Leg Carbon-fiber Leg Wheel Wheel Hover Unit Antigrav Array Flight Unit Cooled Field Propulsion Drive Utility Large Storage Unit Device Improved Transmission Jammer Storage Large Storage Unit Processor Advanced Targeting Computer Hackware Deep Network Scanner Protection Centrium Medium Armor Plating Weapon Enhanced Autogun Energy Gun Tachyon Dispersion Ray Energy Cannon Neutron Cannon Ballistic Gun Enhanced Autogun Ballistic Cannon Flak Cannon Launcher Heavy Rocket Launcher Special Weapon Advanced Remote Datajack Impact Weapon Core Stripper Slashing Weapon Sigix Broadsword Special Melee Weapon Advanced Datajack Build | -11 -10 -9 -8 -7 -7 -7 -7 -6 -6 -6 -6 -6 -6 -5 -5 -5 -5 -4 -4 -4 -4 -3 -3 -2 -2 -1 ------- Run | Yrd Mat Mat Mat Fac Low Low Dat Pro Fac Ext Cet Arc Hub Fac Upp Upp Zhi Pro Fac Arm Lab Res Qua Res Tes Acc Slots Evolved 18 | . . 2 2 2 . . . . 2 . . . . 2 . . . . 2 . . 2 . 2 . 2 Power 2 | . . . . . . . . . . . . . . 1 . . . . . . . . . 1 . . Propulsion 4 | . . 1 1 . . . . . . . . . . . . . . . . . . 1 . 1 . . Utility 10 | . . . 1 2 . . . . 2 . . . . 1 . . . . 1 . . 1 . . . 2 Weapon 2 | . . 1 . . . . . . . . . . . . . . . . 1 . . . . . . . Parts Attached 237 | 5 4 19 32 15 3 1 . 17 9 4 6 7 1 7 1 3 3 2 4 2 6 12 6 37 4 27 Power 36 | 1 1 3 3 . 1 . . 1 1 1 1 1 . . . 2 1 1 . 1 1 3 1 6 . 6 Engine 11 | 1 1 2 3 . 1 . . 1 . 1 . . . . . . . . . . . . . 1 . . Core 4 | . . 1 . . . . . . . . . . . . . 1 . . . . . . . 1 . 1 Reactor 21 | . . . . . . . . . 1 . 1 1 . . . 1 1 1 . 1 1 3 1 4 . 5 Propulsion 55 | 2 . 6 9 5 1 1 . 3 4 2 2 1 . . . . . . . . . 1 . 8 2 8 Treads 36 | 2 . 5 9 5 1 1 . . 2 2 2 1 . . . . . . . . . 1 . 5 . . Leg 7 | . . 1 . . . . . 3 2 . . . . . . . . . . . . . . . 1 . Wheel 3 | . . . . . . . . . . . . . . . . . . . . . . . . 3 . . Hover 5 | . . . . . . . . . . . . . . . . . . . . . . . . . . 5 Flight 4 | . . . . . . . . . . . . . . . . . . . . . . . . . 1 3 Utility 81 | 1 2 3 7 7 . . . 6 3 . 1 3 1 3 . 1 2 1 4 . 2 6 1 17 . 10 Device 42 | . 1 2 4 1 . . . 5 1 . . 3 . 2 . . . 1 4 . . 4 1 8 . 5 Storage 14 | 1 1 1 2 . . . . 1 1 . . . . . . . 1 . . . . . . 3 . 3 Processor 15 | . . . 1 4 . . . . . . . . . . . 1 . . . . . 2 . 6 . 1 Hackware 2 | . . . . . . . . . . . . . . . . . . . . . 1 . . . . 1 Protection 8 | . . . . 2 . . . . 1 . 1 . 1 1 . . 1 . . . 1 . . . . . Artifact . | . . . . . . . . . . . . . . . . . . . . . . . . . . . Weapon 65 | 1 1 7 13 3 1 . . 7 1 1 2 2 . 4 1 . . . . 1 3 2 4 6 2 3 Energy Gun 10 | . . 4 . . . . . 1 . . 1 . . . . . . . . . 1 . . 1 1 1 Energy Cannon 5 | . . . . . . . . . . . . . . 2 . . . . . . 1 . . . 1 1 Ballistic Gun 37 | 1 1 3 13 1 1 . . 5 1 1 1 2 . 2 1 . . . . 1 . 2 . 1 . . Ballistic Cannon 4 | . . . . . . . . 1 . . . . . . . . . . . . . . . 2 . 1 Launcher 3 | . . . . 2 . . . . . . . . . . . . . . . . . . 1 . . . Special Weapon 2 | . . . . . . . . . . . . . . . . . . . . . 1 . . 1 . . Impact Weapon 1 | . . . . . . . . . . . . . . . . . . . . . . . 1 . . . Slashing Weapon 2 | . . . . . . . . . . . . . . . . . . . . . . . 2 . . . Piercing Weapon . | . . . . . . . . . . . . . . . . . . . . . . . . . . . Special Melee Weapon 1 | . . . . . . . . . . . . . . . . . . . . . . . . 1 . . Unidentified Prototypes 25 | . . . 1 . . . . 1 1 . 3 1 . 1 . . 4 . . 1 7 . 2 . 3 . Corrupted Parts 3 | . . . . . . . . . . . . 3 . . . . . . . . . . . . . . System Corruption 19 | . . . . . . . . . . . . 19 . . . . . . . . . . . . . . Parts Lost 123 | . 4 8 9 2 3 1 . 12 . . . . 1 . . 1 . 4 1 7 . 1 15 15 12 27 Power 20 | . 1 1 1 . 1 . . 1 . . . . . . . 1 . 1 . 1 . 1 3 2 3 3 Propulsion 35 | . 2 2 4 . 1 1 . 5 . . . . . . . . . . 1 . . . 3 5 3 8 Utility 38 | . . 1 2 2 . . . 1 . . . . 1 . . . . . . 3 . . 6 6 4 12 Weapon 30 | . 1 4 2 . 1 . . 5 . . . . . . . . . 3 . 3 . . 3 2 2 4 Highest Loss Streak 26 | . 4 6 3 1 3 1 . 5 . . . . 1 . . 1 . 2 1 7 . 1 12 9 11 26 To Critical Strikes 2 | . . . . . . . . 1 . . . . . . . . . . . . . . . 1 . . Average Backups 11 | . 2 5 13 14 14 12 12 11 13 13 12 12 12 13 13 12 12 10 11 12 11 11 9 2 2 2 Power 1 | . 1 2 2 2 1 . . . . 1 1 1 1 . . . . . 1 1 1 . . . . . Propulsion . | . . . . 1 1 . . . . 1 . . 1 1 1 1 1 1 1 2 2 . . . . 1 Utility 4 | . . 2 5 3 3 3 3 4 5 4 5 6 5 5 6 6 6 6 6 6 6 6 4 . . . Weapon 4 | . . . 5 7 8 9 9 6 5 6 5 5 5 6 5 5 5 2 1 . . 2 2 1 1 . Tool/Special . | . . . . . . . . . . . . . . . . . . . . . . . . . . . Unused Backups 23 | . . . 5 1 . . . . 1 2 3 . 1 3 1 . 1 . . . . 3 1 . . 1 Power 3 | . . . 1 . . . . . . . 2 . . . . . . . . . . . . . . . Propulsion 7 | . . . . . . . . . . 2 . . . 1 1 . . . . . . 2 . . . 1 Utility 6 | . . . 2 . . . . . . . . . . 1 . . 1 . . . . 1 1 . . . Weapon 7 | . . . 2 1 . . . . 1 . 1 . 1 1 . . . . . . . . . . . . Tool/Special . | . . . . . . . . . . . . . . . . . . . . . . . . . . . Average Slot Usage (%) 85 | . 76 80 98 95 99 100 100 71 97 99 89 81 86 86 88 86 87 87 87 85 74 84 57 71 65 51 Engine 3 | . 11 4 7 7 6 7 7 2 1 3 4 . . . . . . . . . . . . 1 . . Reactor 4 | . . . . . . . . . 4 2 1 6 6 10 11 7 11 10 10 10 10 8 6 9 10 4 Treads 16 | . 23 17 34 29 29 30 30 3 4 12 19 13 13 11 11 11 11 11 10 10 10 14 10 10 6 . Leg 1 | . . 2 . . . . . 6 19 13 . . . . . . . . . . . . . . . . Device 12 | . 4 10 9 7 7 7 7 6 20 20 20 14 19 14 17 16 16 16 20 20 15 19 15 13 15 7 Storage 6 | . 14 11 9 7 7 7 7 6 6 6 6 6 6 5 5 5 5 5 5 5 5 4 2 3 3 3 Processor 11 | . . . 8 12 15 15 15 15 13 13 13 13 13 11 11 15 17 17 15 15 14 7 4 8 12 10 Protection 4 | . . . . 5 7 7 7 6 5 6 6 6 6 13 11 7 5 5 5 4 2 4 3 . . . Energy Gun 1 | . . 14 . . . . . . . . 2 . . . . . . . . . . 4 1 2 3 4 Ballistic Gun 16 | . 22 14 26 22 23 22 23 20 12 13 13 20 20 16 16 17 17 16 14 12 9 12 . 1 . . Peak Build Rating 182 | 5 7 17 28 40 40 41 41 41 71 71 98 104 106 125 123 123 123 122 132 130 139 164 182 154 139 160 Average Rating 74 | 4 5 11 23 36 39 39 41 31 65 67 83 95 104 120 121 117 118 117 128 122 114 152 134 105 117 113 On Entrance 74 | . 5 3 17 28 40 39 41 41 41 70 64 98 104 106 121 123 118 119 117 130 104 139 160 21 106 50 Naked Turns 4 | . . . . . . . . . . . . . . . . . . . . . . . . . . 4 Heaviest Build 122 | 11 32 37 47 62 48 41 41 52 73 73 73 76 76 99 94 94 82 79 100 99 105 122 119 92 88 87 Greatest Support 190 | 40 40 60 80 80 80 88 88 40 78 106 160 160 160 160 160 160 160 160 160 160 160 190 190 152 57 78 Greatest Overweight (x) 11 | . 7 7 . . . . . 11 2 . . . . . . . . . . . . . 4 8 4 6 Average Overweight (x) . | . . . . . . . . 2 . . . . . . . . . . . . . . . 2 . . Largest Inventory Capacity 15 | 8 15 15 15 15 15 15 15 15 15 15 15 15 15 15 15 15 15 15 15 15 15 15 15 5 5 5 Average Capacity 13 | 7 12 15 15 15 15 15 15 14 15 15 15 15 15 15 15 15 15 15 15 15 15 15 12 5 5 5 Most Carried 15 | 1 4 10 15 15 15 13 12 15 15 15 15 15 15 15 15 15 15 15 15 15 15 15 15 5 5 5 Average Carried 12 | . 2 5 14 14 14 12 12 11 14 13 14 14 14 14 14 14 14 12 14 14 13 14 10 3 2 3 Final Capacity 15 | 8 15 15 15 15 15 15 15 15 15 15 15 15 15 15 15 15 15 15 15 15 15 15 5 5 5 5 Final Carried 15 | 1 4 10 15 15 13 12 12 15 15 14 15 15 15 15 15 15 15 12 15 12 14 12 5 5 4 1 Class Distribution -------------------- 37% | Scavenger-Gunner 26% | Scavenger-Tank 7% | Commander-Tank 7% | Mutant 6% | Tank 4% | Gunner 4% | Scavenger-Mutant Dominant Class ---------------- Mutant | -10/Materials Scavenger-Gunner | -9/Materials Scavenger-Gunner | -8/Materials Scavenger-Gunner | -7/Factory Scavenger-Gunner | -7/Lower Caves Gunner | -7/Lower Caves Gunner | -7/Data Miner Tank | -6/Proximity Caves Scavenger-Tank | -6/Factory Scavenger-Tank | -6/Extension Scavenger-Mutant | -6/Cetus Commander-Tank | -6/Archives Commander-Tank | -6/Hub_04(d) Scavenger-Tank | -5/Factory Scavenger-Tank | -5/Upper Caves Scavenger-Gunner | -5/Upper Caves Scavenger-Gunner | -5/Zhirov Scavenger-Gunner | -4/Proximity Caves Scavenger-Tank | -4/Factory Scavenger-Tank | -4/Armory Scavenger-Gunner | -4/Lab Scavenger-Tank | -3/Research Scavenger-Gunner | -3/Quarantine Scavenger-Gunner | -2/Research Scavenger-Mutant | -2/Testing Hacker-Gunner | -1/Access Resources | -11 -10 -9 -8 -7 -7 -7 -7 -6 -6 -6 -6 -6 -6 -5 -5 -5 -5 -4 -4 -4 -4 -3 -3 -2 -2 -1 ----------- Run | Yrd Mat Mat Mat Fac Low Low Dat Pro Fac Ext Cet Arc Hub Fac Upp Upp Zhi Pro Fac Arm Lab Res Qua Res Tes Acc Matter Collected 12116 | 210 166 402 1776 838 409 103 . 822 537 676 225 451 534 382 58 170 150 810 601 . 356 699 240 994 163 344 Remotely 1244 | . . . 348 74 . . . . 95 . . . . . . . . . . . . . . 564 163 . Salvage Created 14000 | 23 378 1285 2192 692 88 139 . 679 581 824 105 397 739 841 75 166 . 845 1160 120 61 598 498 936 122 456 Parts 673 | 5 18 75 114 47 3 10 . 23 20 32 6 28 40 41 4 8 . 27 43 5 . 29 27 43 5 20 Haulers Intercepted 13 | . 1 2 5 . . . . 1 1 . . . . 2 . . . . . . . . 1 . . . Recyclers Shooed 6 | . . . . . . . . . . 4 . . 1 . . . . . . . . . . . 1 . Parts Field Recycled . | . . . . . . . . . . . . . . . . . . . . . . . . . . . Retrieved Matter . | . . . . . . . . . . . . . . . . . . . . . . . . . . . Parts Self-Destructed 85 | . . . . . 10 5 . 34 . . . . . . 7 4 . 25 . . . . . . . . Prevented 2 | . . . . . . . . . . . . . . . . 1 . 1 . . . . . . . . Kills | -11 -10 -9 -8 -7 -7 -7 -7 -6 -6 -6 -6 -6 -6 -5 -5 -5 -5 -4 -4 -4 -4 -3 -3 -2 -2 -1 ------- Run | Yrd Mat Mat Mat Fac Low Low Dat Pro Fac Ext Cet Arc Hub Fac Upp Upp Zhi Pro Fac Arm Lab Res Qua Res Tes Acc Combat Hostiles Destroyed 225 | . 10 23 32 17 1 6 . 13 14 11 2 1 8 8 5 1 . 15 16 2 1 6 7 13 1 12 Melee 1 | . . . . . . . . . . . . . . . . . . . . . . . 1 . . . Guns 145 | . 9 23 32 13 1 2 . 9 4 8 1 1 8 3 . 1 . 14 9 1 . 5 . 1 . . Cannons 37 | . . . . . . . . . 3 3 1 . . 1 . . . . 6 . 1 . 2 12 . 8 AOE 36 | . 1 . . 4 . 4 . 4 7 . . . . 4 5 . . 1 . . . 1 2 . . 3 Classes Destroyed 20 | 1 4 4 4 1 1 . . . . . . . 1 . . 1 . 1 . . . . . . 1 1 Worker 13 | . . 2 2 1 . . . . . . . . 3 . . . . . 1 . . 1 1 2 . . Builder 13 | . . 1 . . . . . . . 1 . . 4 1 . . . . . . . . 3 3 . . Tunneler 3 | 1 . . . . . . . . . . . . . 1 . . . . . . . . . 1 . . Hauler 13 | . 1 2 5 . . . . 1 1 . . . . 2 . . . . . . . . 1 . . . Recycler 8 | . . 1 1 . . . . . . 2 . . . 2 . . . . 1 . . . . 1 . . Operator 13 | . . . 2 . . . . . . . . 9 . . . . . . . . . 2 . . . . Drone 2 | . . . . . . . . . . . . . . . . . . 2 . . . . . . . . Watcher 16 | . 2 2 4 1 . . . . . . . . 1 1 . . . . . . . 1 1 3 . . Swarmer 43 | . 3 . . 9 . 4 . 7 7 . . . . 4 5 . . 1 1 . . . 2 . . . Grunt 95 | . 7 20 20 2 . 2 . 4 7 6 . . 6 . . . . 8 6 . . 4 . . . 3 Brawler 4 | . . . 1 . . . . 1 . . . . . . . . . 1 1 . . . . . . . Duelist 1 | . . . . . . . . . . . . . . . . . . . . . . . . . . 1 Researcher 1 | . . . . . . . . . . . . . . . . . . . . . . . . . 1 . Sentry 30 | . . 3 7 4 . . . . . 5 . 1 1 1 . . . 2 3 . . 1 . 2 . . Specialist 1 | . . . . . . . . . . . . . 1 . . . . . . . . . . . . . Hunter 13 | . . . 3 . . . . . . . . . . 1 . . . . 2 2 . . 2 2 1 . Programmer 23 | . . . . 2 . . . . . . . . . 2 . . . 1 3 . . . 3 7 . 5 Heavy 1 | . . . 1 . . . . . . . . . . . . . . . . . . . . . . . Behemoth 4 | . . . . . 1 . . 1 . . . . . . . 1 . . . . . 1 . . . . Cetus Guard 2 | . . . . . . . . . . . 2 . . . . . . . . . . . . . . . Enhanced Grunt 2 | . . . . . . . . . 1 . . . 1 . . . . . . . . . . . . . Tracker 4 | . . . . . . . . . . . . . . . . . . . . . . . . 2 . 2 Combat Programmer 1 | . . . . . . . . . . . . . . . . . . . . . . . . . . 1 Samaritan 2 | . . . . . . . . . . . . . . . . 2 . . . . . . . . . . Best Kill Streak 8 | 1 3 5 6 5 1 4 . 4 7 3 1 5 8 7 5 1 . 7 5 2 1 4 7 5 2 4 Combat Bots Only 7 | . 3 5 5 4 1 4 . 4 7 3 1 1 3 4 5 1 . 7 2 2 1 4 3 3 1 4 Max Kills in Single Turn 4 | 1 1 2 2 3 1 3 . 3 4 2 1 1 4 4 4 1 . 2 2 1 1 1 3 1 1 2 Gunslinging 1 | . . . 1 . . . . 1 . . . . 1 . . . . 1 . . . . . . . . Exploded 4 | . 1 . . 3 . 3 . 3 4 . . . . 2 4 . . 1 . . . 1 1 . . 2 Melee 1 | . . . . . . . . . . . . . . . . . . . . . . . 1 . . . Uniques/NPCs Destroyed 1 | . . . . . . . . . . . . . . . . . . . . . 1 . . . . . A5 (-4/Lab) Combat | -11 -10 -9 -8 -7 -7 -7 -7 -6 -6 -6 -6 -6 -6 -5 -5 -5 -5 -4 -4 -4 -4 -3 -3 -2 -2 -1 -------- Run | Yrd Mat Mat Mat Fac Low Low Dat Pro Fac Ext Cet Arc Hub Fac Upp Upp Zhi Pro Fac Arm Lab Res Qua Res Tes Acc Hostile Shots Fired 2214 | . 72 135 129 224 45 18 . 97 37 86 13 5 157 26 3 17 . 89 131 74 37 54 227 184 136 218 Missed 655 | . 19 33 31 65 14 9 . 29 9 30 4 2 57 14 . 4 . 27 42 29 6 13 65 49 37 67 Hits 1559 | . 53 102 98 159 31 9 . 68 28 56 9 3 100 12 3 13 . 62 89 45 31 41 162 135 99 151 Melee 5 | . . . . . . . . 3 . . . . . . . . . . 2 . . . . . . . Projectile 1554 | . 53 102 98 159 31 9 . 65 28 56 9 3 100 12 3 13 . 62 87 45 31 41 162 135 99 151 AOE 1 | . . . . . . . . . . . . . . . . . . . . . . . . . . 1 Critical Strikes 66 | . 2 5 4 2 1 1 . 1 2 1 1 . 2 . . 1 . 4 2 . . 3 4 10 2 18 Part Disruptions 9 | . . . . 1 . . . . . . . . 1 . . . . . . . 2 . 1 4 . . Damage Taken 25497 | . 750 1321 1750 1255 742 141 . 1283 397 497 182 35 1181 193 49 364 . 1315 900 606 544 804 3350 2569 1513 3756 Core 4443 | . 211 370 95 118 49 33 . 287 47 15 40 . 50 15 . 57 . 87 69 49 54 18 577 163 439 1600 Absorbed by Shields 4189 | . . . 49 341 . . . 153 101 333 81 38 409 . . . . . 672 210 340 319 . 884 225 34 Reduced by Siege Mode 85 | . . . . . . . . . . . . . . . . 31 . . . . 54 . . . . . Redirected to Shielding 42 | . . . . 6 . . . 36 . . . . . . . . . . . . . . . . . . Ignored by Resistances 59 | . . . . . . . . . . . . . . . . . . . 59 . . . . . . . Regen/Repaired (Parts) 1083 | . . . . . . . . . . . . . . . . . . . 358 . . 334 391 . . . Core Remaining (%) 60 | 100 15 7 82 . . . . 30 . . . . 82 . . . . 84 . . 95 . 48 . 58 . Volleys Fired 897 | 22 59 69 112 56 15 6 . 46 32 37 11 31 44 21 2 11 . 39 46 10 59 30 34 56 9 40 Largest 4 | 1 2 3 3 3 3 3 . 3 3 3 3 3 3 3 1 3 . 3 4 4 3 4 1 3 1 2 Hottest 235 | 20 40 152 135 78 78 78 . 87 92 95 95 96 96 101 39 103 . 107 191 191 155 235 200 146 80 138 Shots Fired 2177 | 22 93 184 335 158 45 12 . 123 89 110 33 91 132 41 2 33 . 117 149 21 100 87 34 115 10 41 Gun 1880 | 22 93 184 335 155 45 9 . 116 58 74 27 91 132 33 . 33 . 115 111 11 82 84 21 41 2 6 Cannon 278 | . . . . . . . . 3 28 36 6 . . 6 . . . . 38 10 18 3 13 74 8 35 Launcher 19 | . . . . 3 . 3 . 4 3 . . . . 2 2 . . 2 . . . . . . . . Special . | . . . . . . . . . . . . . . . . . . . . . . . . . . . Kinetic 1904 | 22 93 98 325 155 45 9 . 119 86 110 33 91 132 33 . 33 . 115 111 11 82 74 . 101 8 18 Thermal 194 | . . 86 10 . . . . . . . . . . . . . . . 34 5 18 3 13 . 2 23 Explosive 19 | . . . . 3 . 3 . 4 3 . . . . 2 2 . . 2 . . . . . . . . Electromagnetic 60 | . . . . . . . . . . . . . . 6 . . . . 4 5 . 10 21 14 . . Robot Hit Streak 29 | 6 12 14 15 14 11 11 . 12 8 11 9 14 11 5 . 13 . 12 21 3 29 15 19 24 25 10 Robot Miss Streak 9 | 2 3 3 5 5 2 1 . 4 4 5 3 3 4 4 . 1 . 9 4 6 3 3 3 3 1 4 Penetration Max 1 | . . . 1 1 . . . . 1 1 1 1 1 1 . . . 1 1 . . . . 1 . . Secondary Targets 38 | . 1 5 13 2 . 1 . 4 . . . . 2 . . . . 7 . . . 3 . . . . Max Gunslinging Chain 2 | . 1 1 2 1 . 1 . 1 . . . . 1 . . . . 2 . . . 1 . . . . Capacitor 34 | . . . . . . . . . . . . . . . . . . . . . . . 34 . . . Shots Hit Robots 1439 | 15 59 119 219 99 36 8 . 88 62 80 29 60 80 23 . 24 . 61 97 8 79 61 22 78 8 24 Core Hits 722 | 4 27 45 89 36 7 9 . 55 49 72 34 32 37 24 5 8 . 30 39 4 15 28 16 37 2 18 Critical Kills 25 | . . . 2 1 . . . . 1 2 . 2 4 3 . 1 . 4 1 . . 2 . 1 . 1 Critical Parts Destroyed 35 | 1 . . 1 4 . . . 1 . 2 . 1 4 . . 2 . 5 8 . 3 . . 3 . . Critical Strikes 74 | 1 . 3 6 5 . . . 1 1 4 . 3 9 3 . 3 . 9 9 2 3 2 . 8 1 1 Burn 5 | . . 3 2 . . . . . . . . . . . . . . . . . . . . . . . Meltdown 1 | . . . . . . . . . . . . . . . . . . . . . . . . . . 1 Destroy 61 | 1 . . 4 5 . . . 1 1 4 . 3 9 3 . 3 . 9 9 . 3 2 . 4 . . Blast 5 | . . . . . . . . . . . . . . . . . . . . . . . . 4 1 . Corrupt 2 | . . . . . . . . . . . . . . . . . . . . 2 . . . . . . Melee Attacks 11 | . . . . . . . . . . . . . . . . . . . . . . . 9 . 2 . Kinetic 2 | . . . . . . . . . . . . . . . . . . . . . . . . . 2 . Impact . | . . . . . . . . . . . . . . . . . . . . . . . . . . . Slashing 9 | . . . . . . . . . . . . . . . . . . . . . . . 9 . . . Piercing . | . . . . . . . . . . . . . . . . . . . . . . . . . . . Sneak Attacks 1 | . . . . . . . . . . . . . . . . . . . . . . . 1 . . . Combat Hostiles . | . . . . . . . . . . . . . . . . . . . . . . . . . . . Follow-up Attacks . | . . . . . . . . . . . . . . . . . . . . . . . . . . . Damage Inflicted 37857 | 128 524 1633 3780 2140 655 434 . 2066 1779 1846 728 1442 2580 1032 284 599 . 1866 3141 399 1476 1555 1855 3241 301 2373 Guns 24839 | 123 514 1622 3691 1812 655 81 . 1572 755 1158 536 1442 2317 561 . 599 . 1540 1959 101 1211 1432 274 733 38 113 Cannons 7650 | . . . . . . . . 73 503 643 192 . . 124 . . . . 1079 126 194 39 363 2264 214 1836 Explosions 4760 | . . . . 312 . 353 . 421 521 . . . 230 344 284 . . 326 74 172 71 84 933 211 . 424 Melee 334 | . . . . . . . . . . . . . . . . . . . . . . . 285 . 49 . Ramming 274 | 5 10 11 89 16 . . . . . 45 . . 33 3 . . . . 29 . . . . 33 . . Kinetic 27594 | 123 514 784 3545 1812 655 81 . 1645 1258 1801 728 1442 2317 561 . 599 . 1540 1959 101 1211 1354 . 2779 263 522 Thermal 5745 | . . 838 146 . . . . . . . . . . . . . . . 988 208 265 123 1296 211 38 1632 Explosive 2854 | . . . . 312 . 353 . 421 521 . . . . 344 284 . . 326 74 . . . . . . 219 Electromagnetic 1105 | . . . . . . . . . . . . . 230 124 . . . . 91 90 . 78 274 218 . . Impact . | . . . . . . . . . . . . . . . . . . . . . . . . . . . Slashing 285 | . . . . . . . . . . . . . . . . . . . . . . . 285 . . . Piercing . | . . . . . . . . . . . . . . . . . . . . . . . . . . . Highest Corruption 18 | . . . . . . . . 11 . . . 11 2 . . . . 1 3 3 12 . 18 10 10 14 Average Corruption 7 | . . . . . . . . 10 . . . 5 2 . . . . 1 2 3 9 . 5 6 10 11 Corruption Purged 19 | . . . . . . . . . . . . 19 . . . . . . . . . . . . . . Corruption Blocked . | . . . . . . . . . . . . . . . . . . . . . . . . . . . Effects 143 | . . . . . . . . 62 . . . 10 1 . . . . 7 4 1 17 . 14 8 11 8 Message Errors 24 | . . . . . . . . 10 . . . 4 1 . . . . 2 . . 3 . . . 2 2 Matter Fused 32 | . . . . . . . . 15 . . . 2 . . . . . 1 . . 4 . 4 2 2 2 Heat Flow Errors 24 | . . . . . . . . 12 . . . 2 . . . . . . 2 . 4 . 2 1 1 . Energy Discharges 22 | . . . . . . . . 10 . . . 1 . . . . . 1 1 1 2 . 3 1 2 . Parts Rejected 3 | . . . . . . . . 1 . . . . . . . . . . . . . . . 1 . 1 Parts Fused 2 | . . . . . . . . 1 . . . . . . . . . . . . . . 1 . . . Data Loss (minor) 15 | . . . . . . . . 6 . . . . . . . . . 2 . . . . 3 1 2 1 Data Loss (major) 7 | . . . . . . . . 1 . . . 1 . . . . . 1 1 . 1 . 1 1 . . Misfires 4 | . . . . . . . . 2 . . . . . . . . . . . . 1 . . . 1 . Alerts 2 | . . . . . . . . 1 . . . . . . . . . . . . . . . . . 1 Misdirections 2 | . . . . . . . . . . . . . . . . . . . . . . . . . 1 1 Weapon Failures 6 | . . . . . . . . 3 . . . . . . . . . . . . 2 . . 1 . . Overload Shots . | . . . . . . . . . . . . . . . . . . . . . . . . . . . Overflow Damage 1136 | . . . 3 . . 37 . 67 53 . . . 30 1 40 . . . 20 12 8 . 474 70 1 320 Projectiles 482 | . . . . . . . . . 2 . . . . . . . . . 12 . 8 . 175 70 1 214 Explosions 551 | . . . . . . 37 . 67 51 . . . 30 1 40 . . . . 12 . . 207 . . 106 Melee 103 | . . . 3 . . . . . . . . . . . . . . . 8 . . . 92 . . . Knockbacks 55 | . . . 2 1 . . . . 16 10 1 . . . . . . . . . . . . 17 3 5 Impact 5 | . . . 2 1 . . . . . 1 . . . . . . . . . . . . . 1 . . Kinetic 45 | . . . . . . . . . 13 8 1 . . . . . . . . . . . . 15 3 5 Secondary 5 | . . . . . . . . . 3 1 . . . . . . . . . . . . . 1 . . Self-Inflicted Damage 431 | . . . . . . . . . . . . . 135 6 . . . 11 . 70 85 . . . . 124 Shots 8 | . . . . . . . . . . . . . 2 1 . . . 1 . 1 1 . . . . 2 Rammed 38 | 2 6 2 11 1 . . . . . 2 . . 4 2 . . . . 4 . . . . 3 1 . Targets Rammed 47 | 2 7 3 13 1 . . . . . 6 . . 4 2 . . . . 4 . . . . 4 1 . Kicked 3 | . . . . . . . . . . 3 . . . . . . . . . . . . . . . . Crushed 6 | . 1 1 2 . . . . . . 1 . . . . . . . . . . . . . 1 . . Highest Temperature 522 | . 43 522 194 302 384 . . 303 311 316 212 250 439 208 4 158 . 199 508 148 427 387 31 517 109 402 Average Temperature 113 | . 11 140 45 104 68 . . 76 102 79 82 64 140 77 4 47 . 105 122 58 181 177 31 209 49 123 Received Heat Transfer 3912 | . 324 741 504 196 428 63 . 300 153 94 4 8 274 . . 72 . 387 76 6 . 133 . 37 67 45 Effects 65 | . . 7 . . 1 . . . 1 . . . 5 3 . . . . 3 . 11 7 . 25 . 2 Shutdowns 22 | . . . . . 1 . . . . . . . 1 . . . . . 2 . 2 1 . 14 . 1 Energy Bleed 6 | . . . . . . . . . 1 . . . . . . . . . . . . 2 . 3 . . Interference 22 | . . 2 . . . . . . . . . . 2 3 . . . . . . 9 . . 6 . . Matter Decay 4 | . . 1 . . . . . . . . . . . . . . . . . . . 1 . 2 . . Short Circuit 4 | . . 1 . . . . . . . . . . . . . . . . 1 . . 2 . . . . Damage (minor) 4 | . . . . . . . . . . . . . 2 . . . . . . . . 1 . . . 1 Damage (major) 3 | . . 3 . . . . . . . . . . . . . . . . . . . . . . . . Siege Activations 2 | . . . . . . . . . . . . . . . . 1 . . . . 1 . . . . . Total Turns 129 | . . . . . . . . . . . . . . . . 12 . . . . 117 . . . . . Longest Duration 117 | . . . . . . . . . . . . . . . . 12 . . . . 117 . . . . . Martial Activations . | . . . . . . . . . . . . . . . . . . . . . . . . . . . Shielding Activations . | . . . . . . . . . . . . . . . . . . . . . . . . . . . Robots Disrupted 2 | . . . . . . . . . . . . . . . . . . . . . . 1 . 1 . . Combat Hostiles 1 | . . . . . . . . . . . . . . . . . . . . . . 1 . . . . Robots Corrupted 4 | . . . . . . . . . . . . . . . . . . . 1 1 . . 2 . . . Combat Hostiles 4 | . . . . . . . . . . . . . . . . . . . 1 1 . . 2 . . . Parts Fried 9 | . . . . . . . . . . . . . 2 1 . . . . 1 1 . . 3 1 . . Impact Corruptions 2 | . . . 1 . . . . . . . . . . . . . . . 1 . . . . . . . Robots Melted 1 | . . . . . . . . . . . . . . . . . . . . . . . . . . 1 Combat Hostiles 1 | . . . . . . . . . . . . . . . . . . . . . . . . . . 1 Parts Melted 8 | . . 2 . . . . . . 1 . . . . . . . . . . . . . 2 1 . 2 Heat Transferred 5022 | . . 2271 518 . . . . . . . . . . . . . . . . 100 25 50 1060 100 37 861 Parts Sabotaged . | . . . . . . . . . . . . . . . . . . . . . . . . . . . Parts Stolen . | . . . . . . . . . . . . . . . . . . . . . . . . . . . Parts Stripped 8 | . . . . . . . . . . . . . . . . . . . . . . . . . 8 . Power Chain Reactions 6 | . . . . . . . . . . . . . 1 . . . . . . 1 1 1 1 1 . . Alert | -11 -10 -9 -8 -7 -7 -7 -7 -6 -6 -6 -6 -6 -6 -5 -5 -5 -5 -4 -4 -4 -4 -3 -3 -2 -2 -1 ------- Run | Yrd Mat Mat Mat Fac Low Low Dat Pro Fac Ext Cet Arc Hub Fac Upp Upp Zhi Pro Fac Arm Lab Res Qua Res Tes Acc Maximum Alert Level 4 | . . 1 1 1 . . . . 1 2 2 1 4 2 . . . . 2 1 . . . 1 . . Low Security (%) 69 | 100 100 81 77 89 . . . . 91 55 . 48 50 . . . . . . . . 100 100 86 100 100 Level 1 19 | . . 18 22 10 . . . . 8 29 97 51 3 . . . . . 68 100 . . . 13 . . Level 2 9 | . . . . . . . . . . 15 2 . 30 100 . . . . 31 . . . . . . . Level 3 . | . . . . . . . . . . . . . 10 . . . . . . . . . . . . . Level 4 . | . . . . . . . . . . . . . 4 . . . . . . . . . . . . . Level 5 . | . . . . . . . . . . . . . . . . . . . . . . . . . . . High Security . | . . . . . . . . . . . . . . . . . . . . . . . . . . . Max Security . | . . . . . . . . . . . . . . . . . . . . . . . . . . . Peak Influence 1437 | 5 70 304 329 220 . . . . 251 580 402 265 1437 699 . . . . 655 321 . 78 159 237 90 178 Initial 699 | . . . 122 100 . . . . 96 114 297 133 60 699 . . . . 300 317 . . 9 . 90 48 Average 167 | . 16 72 114 114 . . . . 120 236 337 201 406 542 . . . . 385 296 . 20 60 89 42 62 Influence Increases 11119 | 5 288 676 987 575 30 130 . 478 409 986 335 335 1874 295 110 30 . 317 1015 103 . 224 472 510 151 784 Destroy 0b10 Robot/C 5440 | . 200 460 640 340 20 120 . 360 280 480 160 80 500 160 100 20 . 280 320 40 . 120 140 260 40 320 Destroy 0b10 Robot/NC 465 | 5 15 40 70 10 . . . 15 10 30 10 45 60 35 . . . 10 10 . . 20 30 50 . . Destroy Leader 1136 | . 56 108 188 92 10 10 . 50 44 64 . . 126 46 10 10 . 20 80 10 . 32 14 86 . 80 Allied During Kill 1386 | . . . . . . . . 38 7 334 150 125 635 . . . . 7 . . . . . . . 90 Successful Hack 320 | . 17 5 33 6 . . . . . 12 9 . 14 14 . . . . . . . 10 118 21 . 61 Select Force Hacks 50 | . . . . . . . . . . . . . . . . . . . . . . . . . . 50 Disable Machine 780 | . . 30 45 45 . . . . . 45 . 75 210 . . . . . 150 15 . 30 60 15 30 30 Anti-Garrison Action 150 | . . . . . . . . . . . . . 150 . . . . . . . . . . . . . Destroy Structure 777 | . . 3 11 22 . . . . 38 6 6 10 164 40 . . . . 140 38 . 12 110 78 6 93 Advance Influence 300 | . . . . . . . . . . . . . . . . . . . 300 . . . . . . . Partial Spotted 15 | . . . . . . . . . . . . . . . . . . . . . . . . . . 15 Lose Combat Pursuer 300 | . . 30 . 60 . . . 15 30 15 . . 15 . . . . . 15 . . . . . 75 45 Influence Decreases 11087 | 5 288 384 1056 660 168 40 90 324 328 689 533 495 620 1197 473 193 . 317 366 452 300 208 488 350 231 832 Entered New Map 2861 | . . . 170 123 52 . 90 . 58 121 235 201 114 729 195 32 . . . 332 300 . 7 . 70 32 Time Decay 6115 | 5 258 304 526 517 116 30 . 274 270 428 238 254 356 318 278 151 . 257 356 50 . 198 341 200 120 270 Lost Part 1001 | . 30 80 60 20 . 10 . 50 . . . . 10 . . 10 . 40 10 70 . 10 140 150 41 270 Lost Ally 660 | . . . . . . . . . . 140 60 40 140 . . . . 20 . . . . . . . 260 Purge Threat 450 | . . . 300 . . . . . . . . . . 150 . . . . . . . . . . . . Squads Dispatched 60 | . 4 5 6 6 . . . . 1 1 . . 7 1 . . . . 3 1 . 5 4 6 2 8 Investigation 7 | . . 1 2 . . . . . . . . . 2 . . . . . 1 . . . . . . 1 Extermination 13 | . . . . 4 . . . . . . . . 1 1 . . . . 1 . . . 1 2 . 3 Reinforcement 28 | . 4 4 4 2 . . . . 1 1 . . 2 . . . . . 1 1 . 3 1 1 2 1 Assault 2 | . . . . . . . . . . . . . 2 . . . . . . . . . . . . . Garrison . | . . . . . . . . . . . . . . . . . . . . . . . . . . . Intercept 10 | . . . . . . . . . . . . . . . . . . . . . . 2 2 3 . 3 Searches Triggered . | . . . . . . . . . . . . . . . . . . . . . . . . . . . Data Miner Redirects 2 | . . . . . . . . . . . . . 2 . . . . . . . . . . . . . Construction Impeded 3 | . . 1 1 . . . . . . 1 . . . . . . . . . . . . . . . . Haulers Reinforced 1 | . . . . . . . . . 1 . . . . . . . . . . . . . . . . . Active Scanning Responses . | . . . . . . . . . . . . . . . . . . . . . . . . . . . Cargo Convoy Interrupts . | . . . . . . . . . . . . . . . . . . . . . . . . . . . Stealth | -11 -10 -9 -8 -7 -7 -7 -7 -6 -6 -6 -6 -6 -6 -5 -5 -5 -5 -4 -4 -4 -4 -3 -3 -2 -2 -1 --------- Run | Yrd Mat Mat Mat Fac Low Low Dat Pro Fac Ext Cet Arc Hub Fac Upp Upp Zhi Pro Fac Arm Lab Res Qua Res Tes Acc Distress Signals 14 | . . 3 3 . . . . . . 2 2 . 1 . . . . . . . . 3 . . . . Communications Jammed 113 | . . . . . . . . . 1 7 . . 85 1 . . . 2 1 . . 2 14 . . . Distress Signals 100 | . . . . . . . . . 1 7 . . 76 1 . . . . . . . 2 13 . . . Times Spotted 419 | . 20 37 47 27 1 8 . 18 16 21 10 17 34 12 4 1 . 16 22 7 1 11 19 23 16 31 Peak Tracking Total 12 | . 3 8 7 5 1 4 . 4 4 4 5 2 5 4 5 1 . 7 4 5 1 4 5 8 12 12 Tactical Retreats 12 | . . 2 . 2 . . . 1 1 1 . . 1 . . . . . 1 . . . . . 1 2 Traps | -11 -10 -9 -8 -7 -7 -7 -7 -6 -6 -6 -6 -6 -6 -5 -5 -5 -5 -4 -4 -4 -4 -3 -3 -2 -2 -1 ------- Run | Yrd Mat Mat Mat Fac Low Low Dat Pro Fac Ext Cet Arc Hub Fac Upp Upp Zhi Pro Fac Arm Lab Res Qua Res Tes Acc Traps Triggered 22 | . 2 1 1 4 . . . . . 2 . . . 5 . . . . 1 . . 2 1 1 . 2 Indirectly . | . . . . . . . . . . . . . . . . . . . . . . . . . . . Trap Hack Attempts . | . . . . . . . . . . . . . . . . . . . . . . . . . . . Triggered . | . . . . . . . . . . . . . . . . . . . . . . . . . . . Disarmed . | . . . . . . . . . . . . . . . . . . . . . . . . . . . Reprogrammed . | . . . . . . . . . . . . . . . . . . . . . . . . . . . Reused . | . . . . . . . . . . . . . . . . . . . . . . . . . . . Traps Extracted . | . . . . . . . . . . . . . . . . . . . . . . . . . . . Installed . | . . . . . . . . . . . . . . . . . . . . . . . . . . . Triggered . | . . . . . . . . . . . . . . . . . . . . . . . . . . . Machines | -11 -10 -9 -8 -7 -7 -7 -7 -6 -6 -6 -6 -6 -6 -5 -5 -5 -5 -4 -4 -4 -4 -3 -3 -2 -2 -1 ---------- Run | Yrd Mat Mat Mat Fac Low Low Dat Pro Fac Ext Cet Arc Hub Fac Upp Upp Zhi Pro Fac Arm Lab Res Qua Res Tes Acc Machines Disabled 58 | . . 2 3 3 . . . . . 4 . 5 15 . . . . 1 11 1 1 2 4 1 3 2 Max in Single Turn 11 | . . 1 1 1 . . . . . 1 . 1 11 . . . . 1 3 1 1 2 1 1 1 1 Garrison Access 5 | . . . 1 . . . . . . . . . 2 1 . . . . . . . 1 . . . . Network Hub 1 | . . . . . . . . . . . . . 1 . . . . . . . . . . . . . Energy Cycler 1 | . . . . . . . . . . . . . . . . . . . . . . . . . . 1 Machines Repaired . | . . . . . . . . . . . . . . . . . . . . . . . . . . . Machines Dismantled . | . . . . . . . . . . . . . . . . . . . . . . . . . . . Machines Sabotaged . | . . . . . . . . . . . . . . . . . . . . . . . . . . . Overloaded Fab Kills 1 | . . . . . . . . . . . . . . . . . . . . . . . . . . 1 Hacking | -11 -10 -9 -8 -7 -7 -7 -7 -6 -6 -6 -6 -6 -6 -5 -5 -5 -5 -4 -4 -4 -4 -3 -3 -2 -2 -1 --------- Run | Yrd Mat Mat Mat Fac Low Low Dat Pro Fac Ext Cet Arc Hub Fac Upp Upp Zhi Pro Fac Arm Lab Res Qua Res Tes Acc Machines Accessed 82 | . 5 2 10 7 . . 4 1 2 5 1 . 6 6 1 2 4 . 5 . 2 4 6 3 2 4 Terminals 46 | . 4 1 7 2 . . . 1 1 5 1 . 5 5 . 1 . . 1 . . 3 5 1 1 2 Fabricators 7 | . . . . 3 . . . . . . . . . . . . . . . . . . . 1 1 2 Repair Stations 1 | . . . . . . . . . . . . . . . . . . . 1 . . . . . . . Recycling Units 8 | . 1 1 1 1 . . . . 1 . . . . . . . . . 2 . . . . 1 . . Scanalyzers 1 | . . . 1 . . . . . . . . . . . . . . . . . . . . . . . Garrison Access 7 | . . . 1 1 . . . . . . . . 1 1 . . . . 1 . . 1 1 . . . Total Hacks 239 | . 9 5 29 15 . . 27 1 4 9 1 . 12 20 1 2 17 . 10 . 19 11 20 7 6 14 Successful 136 | . 6 3 12 3 . . 27 1 . 2 1 . 5 8 1 2 17 . 3 . 19 5 9 2 4 6 Failed 102 | . 3 2 16 12 . . . . 4 7 . . 7 12 . . . . 7 . . 6 11 5 2 8 Catastrophic 24 | . . . 5 3 . . . . 1 2 . . 1 1 . . . . 3 . . 1 3 1 . 3 Database Lockouts 1 | . . . 1 . . . . . . . . . . . . . . . . . . . . . . . Manual 89 | . 7 4 14 8 . . . . 3 5 1 . 7 8 . . . . 4 . 1 8 4 4 1 10 Terminals 129 | . 7 4 26 3 . . . 1 3 9 1 . 11 19 . 1 . . 3 . . 9 18 2 4 8 Fabricators 18 | . . . . 7 . . . . . . . . . . . . . . . . . . . 3 2 6 Repair Stations 1 | . . . . . . . . . . . . . . . . . . . 1 . . . . . . . Recycling Units 15 | . 2 1 1 3 . . . . 1 . . . . . . . . . 5 . . . . 2 . . Scanalyzers 1 | . . . 1 . . . . . . . . . . . . . . . . . . . . . . . Garrison Access 10 | . . . 1 2 . . . . . . . . 1 1 . . . . 1 . . 2 2 . . . Terminal Hacks 103 | . 1 . 9 . . . 27 1 . 1 1 . 1 6 1 2 17 . . . 19 4 9 . 3 1 Record 36 | . . . . . . . 9 1 . . . . . . . 2 5 . . . 19 . . . . . Part Schematic 15 | . . . . . . . 11 . . . . . . . . . 4 . . . . . . . . . Robot Schematic 4 | . . . . . . . 4 . . . . . . . . . . . . . . . . . . . Robot Analysis 7 | . 1 . 1 . . . . . . . . . . . . . 4 . . . . . 1 . . . Prototype ID Bank 16 | . . . 2 . . . 3 . . . . . . 2 . . 4 . . . . 2 2 . 1 . Open Door 2 | . . . . . . . . . . . 1 . . . 1 . . . . . . . . . . . Level Access Points 2 | . . . . . . . . . . . . . . . . . . . . . . 1 1 . . . Branch Access Points 3 | . . . 1 . . . . . . . . . . 1 . . . . . . . 1 . . . . Emergency Access Points 1 | . . . . . . . . . . . . . . . . . . . . . . . . . 1 . Machine Index 1 | . . . . . . . . . . . . . . . . . . . . . . . . . . 1 Alert Level 1 | . . . . . . . . . . . . . . 1 . . . . . . . . . . . . Unreport Threat 3 | . . . 2 . . . . . . . . . . 1 . . . . . . . . . . . . Locate Traps 4 | . . . 1 . . . . . . 1 . . . 1 . . . . . . . . 1 . . . Patrol Status 1 | . . . . . . . . . . . . . . . . . . . . . . . 1 . . . Hauler Manifests 1 | . . . 1 . . . . . . . . . . . . . . . . . . . . . . . Registered Components 1 | . . . . . . . . . . . . . . . . . . . . . . . 1 . . . Registered Prototypes 1 | . . . . . . . . . . . . . . . . . . . . . . . . . 1 . Zone Layout 4 | . . . 1 . . . . . . . . . 1 . . . . . . . . . 2 . . . Fabricator Hacks 4 | . . . . 1 . . . . . . . . . . . . . . . . . . . 1 1 1 Network Status 3 | . . . . 1 . . . . . . . . . . . . . . . . . . . 1 1 . Build 1 | . . . . . . . . . . . . . . . . . . . . . . . . . . 1 Repair Station Hacks . | . . . . . . . . . . . . . . . . . . . . . . . . . . . Recycling Unit Hacks 5 | . 1 1 . 1 . . . . . . . . . . . . . . 2 . . . . . . . Retrieve Components 5 | . 1 1 . 1 . . . . . . . . . . . . . . 2 . . . . . . . Scanalyzer 1 | . . . 1 . . . . . . . . . . . . . . . . . . . . . . . Insert Component 1 | . . . 1 . . . . . . . . . . . . . . . . . . . . . . . Garrison Access Hacks 4 | . . . 1 . . . . . . . . . 1 1 . . . . . . . 1 . . . . Seal Access 4 | . . . 1 . . . . . . . . . 1 1 . . . . . . . 1 . . . . Unauthorized Hacks 19 | . 4 2 1 1 . . . . . 1 . . 3 1 . . . . 1 . . . . 1 . 4 Terminals 14 | . 4 2 1 . . . . . . 1 . . 3 1 . . . . . . . . . . . 2 Botnet 7 | . 1 1 1 . . . . . . . . . 1 1 . . . . . . . . . . . 2 Disrupt 1 | . . . . . . . . . . 1 . . . . . . . . . . . . . . . . Skim 4 | . 3 1 . . . . . . . . . . . . . . . . . . . . . . . . Sabotage 2 | . . . . . . . . . . . . . 2 . . . . . . . . . . . . . Fabricators 3 | . . . . . . . . . . . . . . . . . . . . . . . . 1 . 2 Prioritize 1 | . . . . . . . . . . . . . . . . . . . . . . . . . . 1 Fabnet 1 | . . . . . . . . . . . . . . . . . . . . . . . . 1 . . Overload 1 | . . . . . . . . . . . . . . . . . . . . . . . . . . 1 Repair Stations 1 | . . . . . . . . . . . . . . . . . . . 1 . . . . . . . Patch 1 | . . . . . . . . . . . . . . . . . . . 1 . . . . . . . Recycling Units 1 | . . . . 1 . . . . . . . . . . . . . . . . . . . . . . Mask 1 | . . . . 1 . . . . . . . . . . . . . . . . . . . . . . Scanalyzers . | . . . . . . . . . . . . . . . . . . . . . . . . . . . Garrison Access . | . . . . . . . . . . . . . . . . . . . . . . . . . . . Data Cores Recovered 2 | . . . . . . . . . . . . . . . . . . . . . . 2 . . . . Used . | . . . . . . . . . . . . . . . . . . . . . . . . . . . Hacking Detections 58 | . 4 1 8 7 . . . . 2 5 . . 4 5 . . . . 3 . . 4 6 3 2 4 Full Trace Events 1 | . . . 1 . . . . . . . . . . . . . . . . . . . . . . . Feedback Events . | . . . . . . . . . . . . . . . . . . . . . . . . . . . Feedback Blocked . | . . . . . . . . . . . . . . . . . . . . . . . . . . . Robot Schematics Acquired 5 | . . . . . . . 4 . . . . . . . . . . . . . . . . . 1 . Robots Built . | . . . . . . . . . . . . . . . . . . . . . . . . . . . Authchips . | . . . . . . . . . . . . . . . . . . . . . . . . . . . Time . | . . . . . . . . . . . . . . . . . . . . . . . . . . . Total Robot Build Rating . | . . . . . . . . . . . . . . . . . . . . . . . . . . . Part Schematics Acquired 15 | . . . . . . . 11 . . . . . . . . . 4 . . . . . . . . . Parts Built 2 | . . . . . . . . . . . . . . . . . . . . . . . . . . 2 Authchips . | . . . . . . . . . . . . . . . . . . . . . . . . . . . Time 69 | . . . . . . . . . . . . . . . . . . . . . . . . . . 69 Total Part Build Rating 18 | . . . . . . . . . . . . . . . . . . . . . . . . . . 18 Parts Repaired . | . . . . . . . . . . . . . . . . . . . . . . . . . . . Time . | . . . . . . . . . . . . . . . . . . . . . . . . . . . Parts Recycled . | . . . . . . . . . . . . . . . . . . . . . . . . . . . Recycled Matter . | . . . . . . . . . . . . . . . . . . . . . . . . . . . Retrieved Matter . | . . . . . . . . . . . . . . . . . . . . . . . . . . . Retrieved Components 18 | . . 9 . 6 . . . . . . . . . . . . . . 3 . . . . . . . Parts Scanalyzed . | . . . . . . . . . . . . . . . . . . . . . . . . . . . Part Schematics Acquired . | . . . . . . . . . . . . . . . . . . . . . . . . . . . Parts Damaged . | . . . . . . . . . . . . . . . . . . . . . . . . . . . Bothacking | -11 -10 -9 -8 -7 -7 -7 -7 -6 -6 -6 -6 -6 -6 -5 -5 -5 -5 -4 -4 -4 -4 -3 -3 -2 -2 -1 ------------ Run | Yrd Mat Mat Mat Fac Low Low Dat Pro Fac Ext Cet Arc Hub Fac Upp Upp Zhi Pro Fac Arm Lab Res Qua Res Tes Acc Used RIF Installer . | . . . . . . . . . . . . . . . . . . . . . . . . . . . Robots Hacked . | . . . . . . . . . . . . . . . . . . . . . . . . . . . Non-combat . | . . . . . . . . . . . . . . . . . . . . . . . . . . . Combat . | . . . . . . . . . . . . . . . . . . . . . . . . . . . Robot Hacks Applied . | . . . . . . . . . . . . . . . . . . . . . . . . . . . Relay Couplers Released 1 | . . . . . . . . . . . . . 1 . . . . . . . . . . . . . Machine Destruction 1 | . . . . . . . . . . . . . 1 . . . . . . . . . . . . . Fabnet Peak Effective % 3 | . . . . . . . . . . . . . . . . . . . . . . . . . . 3 Robots Rewired 10 | . . . . . . . . . . 7 . . . . . . . 2 . . . 1 . . . . Allies Hacked . | . . . . . . . . . . . . . . . . . . . . . . . . . . . Hacks Repelled . | . . . . . . . . . . . . . . . . . . . . . . . . . . . Allies | -11 -10 -9 -8 -7 -7 -7 -7 -6 -6 -6 -6 -6 -6 -5 -5 -5 -5 -4 -4 -4 -4 -3 -3 -2 -2 -1 -------- Run | Yrd Mat Mat Mat Fac Low Low Dat Pro Fac Ext Cet Arc Hub Fac Upp Upp Zhi Pro Fac Arm Lab Res Qua Res Tes Acc Total Allies 41 | . . . . . . . . 1 . 17 5 . . . . . . 2 . . . 1 . . . 15 Largest Group 13 | . . . . . . . . 1 1 10 13 12 9 . . . . 2 . . . 1 . . . 12 Highest-Rated Group 841 | . . . . . . . . 96 96 428 841 816 606 . . . . 78 . . . 64 . . . 167 Highest-Rated Ally 159 | . . . . . . . . 96 96 159 159 159 96 . . . . 48 . . . 64 . . . 15 Total Orders 4 | . . . . . . . . . . . . . 2 . . . . . . . . . . . . 2 STAY 2 | . . . . . . . . . . . . . 2 . . . . . . . . . . . . . EXPLORE 2 | . . . . . . . . . . . . . . . . . . . . . . . . . . 2 Ally Attacks 350 | . . . . . . . . 12 8 117 43 9 116 . . . . 3 . . . 1 . . . 41 Total Damage 9853 | . . . . . . . . 323 182 2717 1014 223 4256 . . . . 191 . . . . . . . 947 Kills 59 | . . . . . . . . 5 1 16 8 3 21 . . . . 1 . . . . . . . 4 Allies Corrupted 5 | . . . . . . . . . . . . . 3 . . . . . . . . . . . . 2 Allies Melted . | . . . . . . . . . . . . . . . . . . . . . . . . . . . Intel | -11 -10 -9 -8 -7 -7 -7 -7 -6 -6 -6 -6 -6 -6 -5 -5 -5 -5 -4 -4 -4 -4 -3 -3 -2 -2 -1 ------- Run | Yrd Mat Mat Mat Fac Low Low Dat Pro Fac Ext Cet Arc Hub Fac Upp Upp Zhi Pro Fac Arm Lab Res Qua Res Tes Acc Active Infowar (turns) 16316 | . 258 397 893 1378 674 259 128 1561 592 1045 501 559 807 713 609 838 245 855 802 117 482 742 610 354 301 596 Optics 13793 | . . . . 1282 674 259 128 1561 592 1045 501 559 807 713 609 838 245 855 802 117 476 738 . 95 301 596 Sensors 301 | . . . . . . . . . . . . . . . . . . . . . . . . . . 301 Seismic 1807 | . 258 397 893 . . . . . . . . . . . . . . . . . . . . 259 . . Machine Analysis 96 | . . . . 96 . . . . . . . . . . . . . . . . . . . . . . Jamming 8827 | . . . . . . . . . 592 1045 269 144 807 713 609 838 245 855 802 117 439 742 610 . . . Robot Analysis Total 7 | . 1 . 1 . . . . . . . . . . . . . 4 . . . . . 1 . . . Derelict Logs Recovered 6 | . . . . . 1 1 . 1 . . . . . . 1 1 . 1 . . . . . . . . Drone Launches 2 | . . . . . . . . . . . . . . . . . . . . . . . . . . 2 Drone Recoveries 2 | . . . . . . . . . . . . . . . . . . . . . . . . . . 2 Exploration | -11 -10 -9 -8 -7 -7 -7 -7 -6 -6 -6 -6 -6 -6 -5 -5 -5 -5 -4 -4 -4 -4 -3 -3 -2 -2 -1 ------------- Run | Yrd Mat Mat Mat Fac Low Low Dat Pro Fac Ext Cet Arc Hub Fac Upp Upp Zhi Pro Fac Arm Lab Res Qua Res Tes Acc Turns Passed 19843 | 104 833 936 1950 2079 674 259 128 1561 592 1045 501 559 807 713 609 838 245 855 802 117 487 742 798 663 301 645 Spaces Moved 10223 | 35 354 329 948 1150 380 147 78 511 242 564 187 188 404 390 374 495 144 459 387 38 194 405 465 344 159 852 Core 515 | 2 32 16 . . . . . 59 . . . . . . . . . . . . . . 163 73 65 105 Treads 7814 | 33 322 310 948 1150 380 147 78 4 . 294 187 188 404 390 374 495 144 459 387 38 194 405 302 109 72 . Legs 985 | . . 3 . . . . . 448 242 270 . . . . . . . . . . . . . . 22 . Wheels 162 | . . . . . . . . . . . . . . . . . . . . . . . . 162 . . Hover 668 | . . . . . . . . . . . . . . . . . . . . . . . . . . 668 Flight 79 | . . . . . . . . . . . . . . . . . . . . . . . . . . 79 Fastest Speed 35 | 50 160 160 160 160 165 165 165 50 120 120 160 160 160 160 160 160 160 160 160 160 160 155 50 50 50 35 Average Speed 157 | 153 184 200 160 163 165 165 165 272 187 140 160 160 160 160 160 160 160 160 160 160 160 155 139 131 159 55 Slowest Speed 600 | 160 400 400 160 166 165 165 165 600 260 160 160 160 160 160 160 160 160 160 160 160 160 155 385 237 410 350 Overloaded Moves . | . . . . . . . . . . . . . . . . . . . . . . . . . . . Propulsion Burnouts . | . . . . . . . . . . . . . . . . . . . . . . . . . . . Robots Hopped 2 | . . . . . . . . . . . . . . . . . . . . . . . . . . 2 Potential Cave-ins 2 | . . . . . . . . . . . . . . . . . . . . . . . . . 2 . Cave-ins Triggered . | . . . . . . . . . . . . . . . . . . . . . . . . . . . Teleports 2 | . . . . . . . . . . . . . . . . . . . . 1 . . 1 . . . Exploration Rate (%) 47 | 3 66 47 88 28 66 35 72 71 7 73 71 86 45 11 74 66 61 65 15 6 96 14 52 9 33 24 Regions Visited 26 Branch Regions 16 Pre-discovered Areas 5 | . . . . . . . 1 . . . . . . . . . 3 1 . . . . . . . . Known Exits Taken 4 | . . . . . . . . 1 . . . . . 1 . . . . . . . 1 1 . . . Unknown Exits Taken 22 | 1 1 1 1 1 1 1 1 . 1 1 1 1 1 . 1 1 1 1 1 1 1 . . 1 1 . Scrap Searched 16 | . . . . . 3 4 . 3 . . . . . . 3 2 . 1 . . . . . . . . Spaces Dug 30 | . . . . 16 . . . . . . . . 2 . . . . . 4 . . . 7 . . 1 Terrain Destroyed 725 | . . . . 23 . 40 . 38 40 8 . 16 184 40 33 7 . 47 76 15 3 10 82 29 2 32 Melee 3 | . . . . . . . . . . . . . . . . . . . . . . . 3 . . . Projectile 147 | . . . . . . . . . . 7 . 16 12 6 . 7 . 25 25 4 3 5 5 20 2 10 AOE 573 | . . . . 23 . 40 . 38 40 . . . 171 34 33 . . 22 51 11 . 5 74 9 . 22 Terrain Rammed . | . . . . . . . . . . . . . . . . . . . . . . . . . . . Walls Destroyed . | . . . . . . . . . . . . . . . . . . . . . . . . . . . Machines Disabled . | . . . . . . . . . . . . . . . . . . . . . . . . . . . Actions | -11 -10 -9 -8 -7 -7 -7 -7 -6 -6 -6 -6 -6 -6 -5 -5 -5 -5 -4 -4 -4 -4 -3 -3 -2 -2 -1 --------- Run | Yrd Mat Mat Mat Fac Low Low Dat Pro Fac Ext Cet Arc Hub Fac Upp Upp Zhi Pro Fac Arm Lab Res Qua Res Tes Acc Total 12638 | 64 454 458 1190 1268 408 155 77 614 336 751 372 391 485 446 384 522 159 510 481 80 294 479 595 474 196 995 Wait 769 | . 26 35 31 16 6 . . 13 39 65 151 158 30 1 . 7 . 1 23 26 21 9 49 1 9 52 Move 10194 | 35 353 328 947 1149 379 146 77 510 241 563 186 187 403 389 373 494 143 458 386 37 193 404 464 343 158 848 Hop 2 | . . . . . . . . . . . . . . . . . . . . . . . . . . 2 Pick Up 96 | 1 3 3 18 10 3 . . 15 1 5 5 1 2 4 2 3 1 . 5 1 4 2 4 . . 3 Fast Attach 184 | 5 3 14 6 6 . . . 15 5 5 5 5 . 11 . 1 7 3 3 1 6 6 12 37 4 24 Attach 81 | . 1 1 11 3 3 1 . 4 2 2 1 1 1 2 . 1 . 3 3 4 3 6 7 7 5 9 Detach 38 | . . . 1 . . . . . 2 . . . . 1 . . 1 . 1 . 2 5 7 8 6 4 Swap 100 | . 1 4 24 17 . 2 . 3 10 1 1 3 . 10 3 2 . 1 7 1 1 3 . 5 . 1 Drop 149 | . 1 1 27 10 2 . . 8 4 12 12 5 1 5 4 3 7 2 3 . 5 9 9 9 1 9 Fire 897 | 22 59 69 112 56 15 6 . 46 32 37 11 31 44 21 2 11 . 39 46 10 59 30 34 56 9 40 Melee 11 | . . . . . . . . . . . . . . . . . . . . . . . 9 . 2 . Ram . | . . . . . . . . . . . . . . . . . . . . . . . . . . . Kick 3 | . . . . . . . . . . 3 . . . . . . . . . . . . . . . . Crush 43 | 1 7 3 13 1 . . . . . 3 . . 4 2 . . . . 4 . . . . 4 1 . Escape Stasis 4 | . . . . . . . . . . . . . . . . . . . . . . . . . 1 3 Rewire 67 | . . . . . . . . . . 55 . . . . . . . 3 . . . 5 . 4 . . Trap . | . . . . . . . . . . . . . . . . . . . . . . . . . . . Miscellaneous . | . . . . . . . . . . . . . . . . . . . . . . . . . . . Route ------- -11/Scrapyard -10/Materials (discovered 3 exits: *Mat x2 / [*Min]) -9/Materials -8/Materials (discovered 3 exits: *Fac x3) -7/Factory (discovered 3 exits: *Fac x2 / [*Low]) -7/Lower Caves -7/Lower Caves -7/Data Miner -6/Proximity Caves -6/Factory -6/Extension (discovered 2 exits: *Fac / *Cet) -6/Cetus (discovered 2 exits: *Fac / [*Arc]) -6/Archives (discovered 3 exits: *Fac / *Hub x2) -6/Hub_04(d) -5/Factory (discovered 2 exits: *Upp x2) -5/Upper Caves -5/Upper Caves (discovered 2 exits: *Fac / *Zhi) -5/Zhirov -4/Proximity Caves -4/Factory -4/Armory -4/Lab -3/Research (discovered 5 exits: Res x3 / *Qua x2) -3/Quarantine -2/Research (discovered 2 exits: *Acc / *Tes) -2/Testing -1/Access History --------- Turn | Location | Event 21 | -11/Scrapyard | Discovered new exit (range 16) 105 | -11/Scrapyard | Entered Materials 315 | -10/Materials | Build established: Mutant 494 | -10/Materials | Core integrity fell below 50% 518 | -10/Materials | Discovered new exit (range 16) 588 | -10/Materials | Discovered new exit (range 14) 656 | -10/Materials | Discovered new exit (range 10) 807 | -10/Materials | Core integrity fell below 20% 841 | -10/Materials | Lost 4 parts (1p2n1w) 938 | -10/Materials | Entered another Materials area 938 | -9/Materials | Evolved 2 slots: Propulsion x1, Weapon x1 1331 | -9/Materials | Core integrity fell below 50% 1376 | -9/Materials | Lost 6 parts (1p1n1u3w) 1611 | -9/Materials | Core integrity fell below 20% 1850 | -9/Materials | Discovered new exit (range 16) 1874 | -9/Materials | Entered another Materials area 1874 | -8/Materials | Evolved 2 slots: Propulsion x1, Utility x1 1915 | -8/Materials | Build established: Scavenger-Gunner 3033 | -8/Materials | Discovered new exit (range 11) 3065 | -8/Materials | Central database locked down 3196 | -8/Materials | Discovered new exit (range 15) 3255 | -8/Materials | Lost 3 parts (1n2w) 3759 | -8/Materials | Discovered new exit (range 15) 3824 | -8/Materials | Entered Factory 3824 | -7/Factory | Evolved 2 slots: Utility x2 3950 | -7/Factory | Discovered new exit (range 9) 4231 | -7/Factory | Discovered new exit (range 15) 4306 | -7/Factory | Build established: Scavenger-Tank 4919 | -7/Factory | Build established: Scavenger-Gunner 5352 | -7/Factory | Discovered new exit (range 14) 5384 | -7/Factory | Identified exit to Factory 5903 | -7/Factory | Entered Lower Caves 6297 | -7/Lower Caves | Spotted B-75 Beast 6351 | -7/Lower Caves | Destroyed B-75 Beast 6376 | -7/Lower Caves | Lost 3 parts (1p1n1w) 6386 | -7/Lower Caves | Learned Factory trap positions 6395 | -7/Lower Caves | Encountered a Warlord checkpoint 6456 | -7/Lower Caves | Discovered new exit (range 9) 6577 | -7/Lower Caves | Entered another Lower Caves area 6578 | -7/Lower Caves | Encountered a Warlord checkpoint 6626 | -7/Lower Caves | Build established: Gunner 6673 | -7/Lower Caves | Learned Factory emergency access door positions 6754 | -7/Lower Caves | Discovered new exit (range 9) 6836 | -7/Lower Caves | Entered Data Miner 6836 | -7/Data Miner | Discovered new exit (range 6) 6861 | -7/Data Miner | Met Data Miner 6898 | -7/Data Miner | Learned location of Section 7 (-2) 6898 | -7/Data Miner | Acquired the access code to Warlord's prototype stash 6926 | -7/Data Miner | Received God Mode back door access code from Data Miner 6964 | -7/Data Miner | Entered Proximity Caves 6976 | -6/Proximity Caves | System corruption reached 10% 7011 | -6/Proximity Caves | Lost 5 parts (3n2w) 7050 | -6/Proximity Caves | Spotted B-75 Beast 7146 | -6/Proximity Caves | Learned Factory terminal intel 7462 | -6/Proximity Caves | Build established: Tank 7527 | -6/Proximity Caves | Destroyed B-75 Beast 8084 | -6/Proximity Caves | Core integrity fell below 50% 8195 | -6/Proximity Caves | Escorted by Enhanced Grunt 8360 | -6/Proximity Caves | Discovered exit to Factory (range 10) 8525 | -6/Proximity Caves | Entered Factory 8525 | -6/Factory | Accompanied by 1 ally 8525 | -6/Factory | Evolved 2 slots: Utility x2 8526 | -6/Factory | Loaded intel: 72 trap records 8528 | -6/Factory | Loaded intel: 28 terminal locations 9006 | -6/Factory | Discovered new exit (range 17) 9087 | -6/Factory | Destroyed 7 combat bots 9117 | -6/Factory | Entered Extension 9151 | -6/Extension | Rescued a captive Derelict 9152 | -6/Extension | Rescued a captive Derelict 9193 | -6/Extension | Rescued A7 9327 | -6/Extension | Build established: Scavenger-Tank 9370 | -6/Extension | Rescued a captive Derelict 9371 | -6/Extension | Rescued a captive Derelict 9397 | -6/Extension | Rescued a captive Derelict 9398 | -6/Extension | Spotted B-75 Beast 9398 | -6/Extension | Rescued a captive Derelict 9447 | -6/Extension | Rescued a captive Derelict 9447 | -6/Extension | Rescued a captive Derelict 9514 | -6/Extension | Spotted B-75 Beast 9534 | -6/Extension | Allies destroyed B-75 Beast 9540 | -6/Extension | Allies destroyed B-75 Beast 9897 | -6/Extension | Rescued a captive Derelict 9967 | -6/Extension | Disrupted transfer network 10101 | -6/Extension | Discovered new exit (range 10) 10102 | -6/Extension | Discovered new exit (range 6) 10162 | -6/Extension | Entered Cetus 10162 | -6/Cetus | Accompanied by 10 allies (A7) 10167 | -6/Cetus | Acquired a Cetus Manufacturing Module code from A7 10180 | -6/Cetus | Spotted Cetus Guard 10182 | -6/Cetus | Spotted Cetus Guard 10182 | -6/Cetus | Spotted Cetus Guard 10185 | -6/Cetus | Spotted Cetus Guard 10189 | -6/Cetus | Allies destroyed Cetus Guard 10194 | -6/Cetus | Destroyed Cetus Guard 10200 | -6/Cetus | Allies destroyed Cetus Guard 10201 | -6/Cetus | Allies destroyed Cetus Guard 10339 | -6/Cetus | Escorted A7 to Cetus Mainframe 10354 | -6/Cetus | Started Cetus Manufacturing Module 10379 | -6/Cetus | Manufactured an Enhanced Grunt 10404 | -6/Cetus | Manufactured an Enhanced Grunt 10429 | -6/Cetus | Manufactured an Enhanced Grunt 10450 | -6/Cetus | Discovered new exit (range 19) 10454 | -6/Cetus | Manufactured an Enhanced Grunt 10479 | -6/Cetus | Manufactured an Enhanced Grunt 10486 | -6/Cetus | Spotted Cetus Guard 10488 | -6/Cetus | Spotted Cetus Guard 10489 | -6/Cetus | Spotted Cetus Guard 10492 | -6/Cetus | Spotted Cetus Guard 10497 | -6/Cetus | Destroyed Cetus Guard 10501 | -6/Cetus | Allies destroyed Cetus Guard 10502 | -6/Cetus | Allies destroyed Cetus Guard 10505 | -6/Cetus | Allies destroyed Cetus Guard 10507 | -6/Cetus | Discovered new exit (range 19) 10521 | -6/Cetus | Met Revision 17 10663 | -6/Cetus | Entered Archives 10663 | -6/Archives | Accompanied by 12 allies (A7) 10668 | -6/Archives | Received a hacking code to weaken MAIN.C 10711 | -6/Archives | Discovered new exit (range 20) 10725 | -6/Archives | Discovered new exit (range 20) 10745 | -6/Archives | Discovered new exit (range 19) 10773 | -6/Archives | Build established: Commander-Tank 10967 | -6/Archives | System corruption reached 10% 11222 | -6/Archives | Entered Hub_04(d) 11222 | -6/Hub_04(d) | Accompanied by 9 allies 11779 | -6/Hub_04(d) | Discovered new exit (range 12) 11989 | -6/Hub_04(d) | Network Hub disabled 12005 | -6/Hub_04(d) | Incoming assault squad redirected 12010 | -6/Hub_04(d) | Spotted Lightning 12011 | -6/Hub_04(d) | Spotted Lightning 12014 | -6/Hub_04(d) | Allies destroyed Lightning 12019 | -6/Hub_04(d) | Incoming assault squad redirected 12026 | -6/Hub_04(d) | Allies destroyed Lightning 12029 | -6/Hub_04(d) | Entered Factory 12029 | -5/Factory | Evolved 2 slots: Power x1, Utility x1 12058 | -5/Factory | Lost 7 allies 12294 | -5/Factory | Build established: Scavenger-Tank 12423 | -5/Factory | Identified exit to Upper Caves 12742 | -5/Factory | Entered Upper Caves 12874 | -5/Upper Caves | Learned 4 Factory zone layouts 13304 | -5/Upper Caves | Discovered new exit (range 11) 13351 | -5/Upper Caves | Entered another Upper Caves area 13351 | -5/Upper Caves | Discovered new exit (range 15) 13365 | -5/Upper Caves | Entered a destroyed Warlord outpost 13406 | -5/Upper Caves | Spotted B-75 Beast 13608 | -5/Upper Caves | Destroyed B-75 Beast 13948 | -5/Upper Caves | Build established: Scavenger-Gunner 13966 | -5/Upper Caves | Learned Factory stockpile data 14028 | -5/Upper Caves | Discovered new exit (range 6) 14189 | -5/Upper Caves | Entered Zhirov 14189 | -5/Zhirov | Discovered new exit (range 3) 14218 | -5/Zhirov | Met Zhirov 14253 | -5/Zhirov | Learned location of Quarantine (-3) 14253 | -5/Zhirov | Learned location of Testing (-2) 14253 | -5/Zhirov | Learned location of Command (-1) 14263 | -5/Zhirov | Zhirov requested help retrieving the SGEMP Prototype 14289 | -5/Zhirov | Found Alien Artifact 14289 | -5/Zhirov | Identified Integrated Reactor 14289 | -5/Zhirov | Installed Integrated Reactor, increased core energy generation (+10) 14310 | -5/Zhirov | Found Alien Artifact 14434 | -5/Zhirov | Entered Proximity Caves 14489 | -4/Proximity Caves | Attracted the attention of an 0b10 outpost 14505 | -4/Proximity Caves | Spotter reported a threat 14553 | -4/Proximity Caves | Spotter reported a threat 14565 | -4/Proximity Caves | Destroyed 7 combat bots 14639 | -4/Proximity Caves | P-70 Sage assimilated allied Swordsman 7a 14997 | -4/Proximity Caves | Attracted the attention of an 0b10 checkpoint 15078 | -4/Proximity Caves | Discovered new exit (range 16) 15289 | -4/Proximity Caves | Entered Factory 15289 | -4/Factory | Evolved 2 slots: Utility x1, Weapon x1 15428 | -4/Factory | Found Quantum Capacitor 15625 | -4/Factory | Build established: Scavenger-Tank 16059 | -4/Factory | Discovered new exit (range 9) 16091 | -4/Factory | Entered Armory 16207 | -4/Armory | Identified Transdimensional Reconstructor 16207 | -4/Armory | Warped through subspace to slip node 16207 | -4/Armory | Discovered new exit (range 1) 16208 | -4/Armory | Entered Lab 16208 | -4/Lab | Discovered new exit (range 9) 16222 | -4/Lab | Lost 7 parts (1p3u3w) 16229 | -4/Lab | Unable to decrypt terminal 16229 | -4/Lab | Opened the door to a hidden lab 16230 | -4/Lab | Gained access to the hidden lab's interior 16234 | -4/Lab | Unable to decrypt terminal 16247 | -4/Lab | Detected by scanners 16255 | -4/Lab | Found Transdimensional Reconstructor 16265 | -4/Lab | Found Alien Artifact 16265 | -4/Lab | Identified Integrated Mediator 16265 | -4/Lab | Installed Integrated Mediator, increased core attachment efficiency 16274 | -4/Lab | Confronted by A5 16277 | -4/Lab | Found Alien Artifact 16278 | -4/Lab | Identified Core Regenerator 16278 | -4/Lab | Used Core Regenerator, restored core integrity (+191) 16381 | -4/Lab | System corruption reached 10% 16414 | -4/Lab | Destroyed A5 16452 | -4/Lab | Found Prototype Energy Cannon 16452 | -4/Lab | Identified Potential Cannon 16457 | -4/Lab | Found Prototype Energy Gun 16457 | -4/Lab | Identified Tachyon Dispersion Ray 16465 | -4/Lab | Found Prototype Protection 16465 | -4/Lab | Identified Hvy. Regenerative Plating 16519 | -4/Lab | Unable to decrypt terminal 16540 | -4/Lab | Found Prototype Special Weapon 16540 | -4/Lab | Identified Gui. Remote Datajack 16634 | -4/Lab | Found Prototype Hackware 16634 | -4/Lab | Identified Deep Network Scanner 16695 | -4/Lab | Entered Research 16695 | -3/Research | Evolved 2 slots: Propulsion x1, Utility x1 16895 | -3/Research | Revision forces began assault on 0b10 16922 | -3/Research | Met up with Revision 17++ 16939 | -3/Research | Identified exit to Quarantine 16939 | -3/Research | Identified exit to Research 17235 | -3/Research | Intercept squad dispatched 17246 | -3/Research | Spotted B-86 Titan 17263 | -3/Research | Spotted Tracker 17281 | -3/Research | Destroyed B-86 Titan 17310 | -3/Research | Found Exp. Targeting Computer 17395 | -3/Research | Research terminal network offline 17437 | -3/Research | Entered Quarantine 17446 | -3/Quarantine | Found Alien Artifact 17446 | -3/Quarantine | Identified Core Reset Matrix 17446 | -3/Quarantine | Used Core Reset Matrix 17450 | -3/Quarantine | Detected hypermatrix surge 17450 | -3/Quarantine | Sensed 15 artifacts in vicinity 17573 | -3/Quarantine | Found Terrabomb 17654 | -3/Quarantine | Found Core Stripper 17720 | -3/Quarantine | Found Sigix Broadsword 18023 | -3/Quarantine | Intercept squad dispatched 18025 | -3/Quarantine | Spotted Tracker 18039 | -3/Quarantine | System corruption reached 10% 18053 | -3/Quarantine | Spotted Combat Programmer 18053 | -3/Quarantine | Warped through subspace 18057 | -3/Quarantine | Found Unknown Launcher 18057 | -3/Quarantine | Identified Gamma Bomb Array 18083 | -3/Quarantine | Lost 12 parts (3p2n5u2w) 18211 | -3/Quarantine | Core integrity fell below 50% 18212 | -3/Quarantine | Used Terrabomb 18235 | -3/Quarantine | Entered Research 18235 | -2/Research | Evolved 2 slots: Power x1, Propulsion x1 18473 | -2/Research | Spotted B-90 Cyclops 18777 | -2/Research | Intercept squad dispatched 18782 | -2/Research | Spotted Tracker 18783 | -2/Research | Spotted Tracker 18784 | -2/Research | Build established: Scavenger-Gunner 18784 | -2/Research | System corruption reached 10% 18788 | -2/Research | Destroyed Tracker 18796 | -2/Research | Destroyed Tracker 18806 | -2/Research | Found Exp. Targeting Computer 18882 | -2/Research | Discovered new exit (range 17) 18882 | -2/Research | Discovered new exit (range 7) 18898 | -2/Research | Entered Testing 18926 | -2/Testing | Lost 9 parts (1p4n3u1w) 18959 | -2/Testing | Spotted Alpha 7 19070 | -2/Testing | Scanned by Researcher 19152 | -2/Testing | Unstable Terrabomb Derivative detonated 19182 | -2/Testing | Discovered new exit (range 8) 19192 | -2/Testing | Found Prototype Energy Cannon 19192 | -2/Testing | Identified Null Cannon 19194 | -2/Testing | Lost 11 parts (3p2n4u2w) 19199 | -2/Testing | Entered Access 19199 | -1/Access | Evolved 2 slots: Utility x2 19324 | -1/Access | Fabricated Quantum Reactor (x2) 19547 | -1/Access | Build established: Hacker-Gunner 19570 | -1/Access | Energy Cycler disabled 19647 | -1/Access | Intercept squad dispatched 19686 | -1/Access | Spotted Tracker 19687 | -1/Access | Spotted Tracker 19705 | -1/Access | Spotted Combat Programmer 19709 | -1/Access | Destroyed Tracker 19709 | -1/Access | Destroyed Tracker 19714 | -1/Access | Spotted Combat Programmer 19726 | -1/Access | Destroyed Combat Programmer 19727 | -1/Access | System corruption reached 10% 19773 | -1/Access | Core integrity fell below 50% 19797 | -1/Access | Emitted hypermatrix ping 19800 | -1/Access | Assembled emerged from beneath the floor 19802 | -1/Access | Assembled emerged from beneath the floor 19836 | -1/Access | Spotted B-99 Colossus 19837 | -1/Access | Spotted B-99 Colossus 19839 | -1/Access | Core integrity fell below 20% 19844 | -1/Access | Destroyed by B-99 Colossus with Linear Accelerator Last Messages --------------- 19838_ Field strength at 94. 19839_ System corrupted: Matter fused (-5). 19839_ Field strength at 88. 19840_ Field strength at 82. 19840_ Core Analyzer destroyed. 19840_ Critical hit (Blast). 19840_ Knocked back. 19840_ Slug penetrates Wall. 19840_ Penetrated by Slug. 19840_ Slug penetrates Door. 19840_ Penetrated by Slug. 19841_ Acquired 2 matter. 19841_ Penetrated by Slug. 19841_ Slug penetrates Wall. 19842_ Fabricator zaps S-43 Plague with an electromagnetic arc. 19842_ Wall collapses. 19842_ S-43 Plague system terminally corrupted. 19843_ Fabricator zaps S-43 Plague with an electromagnetic arc. Map ----- +----------------------------------------------------+ | ?????????????????????????????????????????????????? | | ?????????????????????????????????????????????????? | | ?????????????????????????????????????????????????? | | ?????????????????????????????????????????????????? | | ?????????????????????????????????????????????????? | | ?????????????????????????????????????????????????? | | ?????????????????????????????????????????????????? | | ?????????????????????????????????????????????????? | | ?????????????????????????????????????????????????? | | ?????????????????????????????????????????????????? | | ?????????????????????????????????????????????????? | | ?????????????????????????????????????????????????? | | ?????????????????????????????????????????????????? | | ?????????????????????????????????????????????????? | | ?????????????????????????????????????????????????? | | ?????????????????????????????????????????????????? | | ?????????????????????????????????????????????????? | | ?????????????????????????????????????????????????? | | ?????????? ?????????????????????????????????????? | | ?????????? ????????????????????????????????????? | | ????????? #######?????????????????????????????? | | ?????????? ?????????????????????????????? | | ???????????? ?????????????????????????????? | | ????????????? ?????????????????????????????? | | ?????????????? #?#########??????????????????? | | ???????????????# #?# %@ "??????????????????? | | ???????????????# #?# BB "??????????????????? | | ???????????????# ### BB "??????????????????? | | ???????????????# % "??????????????????? | | ???????????????# %% ^ "??????????????????? | | ????? = # ^ "??????????????????? | | ????? " ^ "??????????????????? | | ???#+#??###########s#;; BB "??????????????????? | | ???# #???# # BB "??????????????????? | | ???# #???# # "??????????????????? | | ???# ##### """#########??????????????????? | | ???# / [% """#??????????????????????????? | | ???# ##### " """#??????????????????????????? | | ???# #???#""" F"#??????????????????????????? | | ???# #???# """ """#??????????????????????????? | | ???# #???# " "" #??????????????????????????? | | #### #???# #??????????????????????????? | | #???# #??????????????????????????? | | ######???# #??????????????????????????? | | ?????????# #??????????????????????????? | | ?????????##############??????????????????????????? | | ?????????????????????????????????????????????????? | | ?????????????????????????????????????????????????? | | ?????????????????????????????????????????????????? | | ?????????????????????????????????????????????????? | +----------------------------------------------------+ Best States ------------- Heat Dissipation 84 Coolant Potential 100 Energy Generation 69 Energy Capacity 700 Matter Stores 407 Matter Capacity 600 Sight Range 22 Robot Scan Range 16 Terrain Scan Density 85 Jamming Range 14 Base Temperature (-) 200 Armor Coverage 900 Resistance: TH 30 Utility Shielding 66 Weapon Cycling 30 Phase Shifting 15 Evasion (%) 62 Targeting Accuracy 20 Target Analysis 8 Core Analysis 6 Recoil Reduction 5 Particle Charging 20 Offensive Hacking 25 Defensive Hacking 12 Authchip Count 1 Item Schematics ----------------- None Robot Schematics ------------------ G-73 Enforcer | -2/Testing | Archive Fabricated ------------ Quantum Reactor | x2 | -1/Access | Preloaded Repaired ---------- Nothing Alien Tech Used ----------------- Integrated Reactor Transdimensional Reconstructor Integrated Mediator Core Regenerator Core Reset Matrix Sigix Broadsword Core Stripper Terrabomb Achievements -------------- Anyone Home? Challenges ------------ None Game ------ Seed ShieldHybridSpiker Manual? 0 Play Time 02:34:20 Cumulative 214.5 hours Start 2025.08.26 @ 16:18:50 End 2025.08.26 @ 18:57:18 Sessions 1 Manual Loads 0 Difficulty Rogue Special Mode None Game No. 175 Rogue 175 Adventurer 0 Explorer 0 Win Type - Total 6 Types 4/0/1/1/0/0/0/0/0/0 Lore% 82 Gallery% 73 Achievement% 69 Wizard Run 0 Options --------- Layout 1 ASCII 0 Keyboard 0 Movement Numpad Keybinds 0 Fullscreen 1 Font 24/Smallcaps Map View 50x35 Zoom Use 0% Tactical HUD 1 Map Filters NONE Filters NONE Steam 1 RUN: c79f5e46-4946-41c8-a0de-598e4bfd3610